 Dungeon Crawl Stone Soup version 0.25-a0-105-g2289b3b9f1 (webtiles) character file.

Game seed: 3811627918047516314, levelgen mode: deterministic

13591 mortelune the Basher (level 11, -3/91 HPs)
             Began as a Demonspawn Wanderer on Nov 16, 2019.
             Slain by a reaper
             ... wielding a +2 scythe of freezing
              (5 damage)
             ... in an ice cave.
             The game lasted 00:40:44 (13832 turns).

mortelune the Basher (Demonspawn Wanderer)         Turns: 13832, Time: 00:40:45

Health: -3/91      AC: 20    Str: 19    XL:     11   Next: 77%
Magic:  11/11      EV:  6    Int: 12    God:
Gold:   11         SH:  4    Dex: 11    Spells: 10/10 levels left

rFire    x x .     SeeInvis .   a - +1 whip (venom)
rCold    + + .     Gourm    .   y - +0 buckler
rNeg     . . .     Faith    .   S - +0 plate armour
rPois    .         Spirit   .   s - +1 hat
rElec    .         Reflect  .   g - +0 cloak
rCorr    .         Harm     .   (no gloves)
MR       .....                  v - +2 pair of boots
Stlth    ..........             P - amulet of regeneration (curse)
HPRegen  0.65/turn              K - ring of ice
MPRegen  0.12/turn              Y - ring of ice

@: no status effects
A: horns 1, rugged brown scales 1, demonic guardian 1
a: no special abilities


You were in an ice cave.
You were not hungry.

You visited 1 branch of the dungeon, and saw 12 of its levels.
You also visited: Sewer and Ice Cave.

You collected 548 gold pieces.
You spent 537 gold pieces at shops.

Inventory:

Hand Weapons
 a - a +1 whip of venom (weapon)
 b - a +0 hand crossbow
 c - a +3 demon trident of freezing
 p - a +0 mace
 E - a +1 dire flail of protection
Missiles
 d - 30 bolts
 e - 2 throwing nets (quivered)
 O - 23 poisoned darts
Armour
 g - a +0 cloak (worn)
 s - a +1 hat (worn)
 v - a +2 pair of boots (worn)
 y - a +0 buckler (worn)
 S - a +0 plate armour (worn)
Jewellery
 l - an uncursed amulet of rage
 m - an uncursed ring of stealth
 t - an uncursed ring of positive energy
 F - an uncursed ring of poison resistance
 J - a +3 ring of evasion
 K - a ring of ice (left hand)
 P - a cursed amulet of regeneration (around neck)
 Q - an uncursed ring of stealth
 W - an uncursed amulet of faith
 Y - a ring of ice (right hand)
Wands
 n - a wand of acid (2)
 D - a wand of digging (5)
 I - a wand of iceblast (5)
Scrolls
 h - 3 scrolls of teleportation
 j - 3 scrolls of remove curse
 k - 5 scrolls of magic mapping
 o - a scroll of blinking
 r - a scroll of noise
 x - a scroll of fear
 C - 4 scrolls of enchant weapon
 H - 2 scrolls of amnesia
 L - 2 scrolls of fog
 M - a scroll of summoning
 N - 2 scrolls of immolation
 R - 4 scrolls of enchant armour {unknown}
 V - a scroll of torment {unknown}
 X - a scroll of random uselessness
Potions
 q - a potion of magic
 u - 3 potions of brilliance
 z - 5 potions of lignification
 A - a potion of flight
 B - 5 potions of curing
 G - a potion of cancellation
 U - 2 potions of agility
 Z - 5 potions of heal wounds
Comestibles
 f - 17 rations


   Skills:
 + Level 9.6 Fighting
   Level 2.6(8.0) Axes
 * Level 11.6(11.7) Maces & Flails
   Level 1.7 Bows
 - Level 1.7 Crossbows
 + Level 8.8 Armour
 - Level 4.0 Shields
 - Level 1.0 Evocations


You had 10 spell levels left.
You didn't know any spells.
Your spell library was empty.

Dungeon Overview and Level Annotations

Branches:
Dungeon (12/15)            Temple (0/1) D:5            Lair (0/6) D:10
    Orc (0/2) D:9           Sewer (visited)           IceCv (1/1)

Altars:
Dithmenos
Kikubaaqudgha
Nemelex Xobeh
Trog
Wu Jian
Xom

Shops:
D:5 :   D:8 }   D:10 =[!?   D:12 (

Annotations:
D:5 exclusion: downstairs


Innate Abilities, Weirdness & Mutations

You have a pair of small horns on your head.
You are partially covered in rugged brown scales. (AC +1, +3% HP)
A weak demonic guardian rushes to your aid.


Message History

The ice devil is heavily wounded.
Your iron imp closely misses the ice devil.
The reaper is engulfed in freezing vapours.
The reaper completely misses you.
You hit the ice devil but do no damage.
You headbutt the ice devil, but do no damage.
The ice devil is heavily wounded.
The ice devil hits you! The ice devil freezes you! You resist.
Your white imp closely misses the ice devil.
You barely miss the ice devil.
The ice devil is severely wounded.
Your iron imp hits the ice devil.
You hit the ice devil.
The ice devil is severely wounded.
The ice devil hits you. The ice devil freezes you. You resist.
The reaper is engulfed in freezing vapours.
The reaper hits you from afar with a +2 scythe of freezing!!
* * * LOW HITPOINT WARNING * * *
The reaper freezes you.
You die...

# ##( ... ###.##
#.....###
#..§§§°###
#§§24@####
#§°555#..###
#§.###.....##
#§☼§........##
☼§.°§##.......#
##§§≈.°§##.......##
........#○......##
#..####.☼....##
§##§§☼..°°☼☼###


You could see a reaper, an ice devil, a friendly iron imp, a friendly quasit and
a friendly white imp.

Vanquished Creatures
  Fannar (D:10)
  A hydra (D:11)
  A two-headed ogre (D:8)
  An unseen horror (D:12)
  A manticore (D:11)
  2 ice statues (IceCv)
  2 gargoyles
  4 ice devils (IceCv)
  2 trolls
  A merfolk (D:9)
  Grinder (D:6)
  2 hippogriffs
  A vampire (D:8)
  Eustachio (D:4)
  A wraith (D:10)
  A hungry ghost (D:7)
  Menkaure (D:7)
  2 water moccasins
  Purgy (D:4)
  An orc warrior (D:9)
  8 ice beasts
  A sky beast (D:6)
  A black bear (D:6)
  A phantom (D:7)
  3 necrophages
  12 ogres
  3 centaurs
  An eye of draining (D:9)
  A crocodile (D:12)
  4 big kobolds
  5 bullfrogs
  A wyvern zombie (D:10)
  A gnoll sergeant (D:8)
  A water moccasin zombie (D:6)
  2 scorpions
  6 killer bees (D:12)
  4 howler monkeys
  7 crimson imps
  A centaur zombie (D:5)
  A bullfrog zombie (D:7)
  7 hounds
  9 orc wizards
  8 orc priests
  A bullfrog skeleton (D:9)
  2 centaur skeletons
  6 iguanas
  Natasha (thrice) (D:4)
  8 worker ants
  A hound zombie (D:5)
  A hound skeleton (D:8)
  A worker ant zombie (D:7)
  21 gnolls
  12 adders
  4 river rats
  2 shadow imps
  6 white imps (IceCv)
  An ufetubus (IceCv)
  2 oozes
  An adder skeleton (D:9)
  An adder zombie (D:6)
  3 worms
  5 leopard geckos
  27 orcs
  11 giant cockroaches
  7 hobgoblins
  24 jackals
  5 quokkas
  3 ball pythons
  5 bats
  8 frilled lizards
  8 goblins
  2 jackal skeletons
  31 kobolds
  A leopard gecko skeleton (D:3)
  A quokka skeleton (D:5)
  10 rats
340 creatures vanquished.

Vanquished Creatures (collateral kills)
  A manticore (D:12)
  An ice devil (IceCv)
  An ice beast (D:12)
  An orc warrior (D:9)
  A hound (D:9)
  An adder (D:9)
  2 white imps (IceCv)
  2 orcs (D:9)
10 creatures vanquished.

Vanquished Creatures (others)
  4 white imps (IceCv)
  5 ufetubi (IceCv)
9 creatures vanquished.

Grand Total: 359 creatures vanquished

Notes
Turn   | Place    | Note
-------+----------+-------------------------------------------
     0 | D:1      | mortelune the Demonspawn Wanderer began the quest for the
                  | Orb.
     0 | D:1      | mortelune set off with the following items: a +0 hand axe,
                  | a +2 scale mail, a +0 hand crossbow, 26 bolts, a ration
     0 | D:1      | Reached XP level 1. HP: 16/16 MP: 1/1
   145 | D:1      | Reached skill level 1 in Axes
   145 | D:1      | Gained mutation: You have a pair of small horns on your
                  | head. [demonic ancestry]
   145 | D:1      | Reached XP level 2. HP: 22/22 MP: 2/2
   421 | D:1      | Reached XP level 3. HP: 23/28 MP: 3/3
  1692 | D:2      | Reached XP level 4. HP: 34/34 MP: 4/4
  2913 | D:3      | Reached XP level 5. HP: 31/41 MP: 5/5
  2923 | D:3      | Reached skill level 1 in Maces & Flails
  3424 | D:3      | Found a sparkling altar of Nemelex Xobeh.
  3766 | D:4      | Found a glowing drain.
  3775 | D:4      | Reached skill level 2 in Maces & Flails
  3780 | Sewer    | Entered a sewer
  3934 | Sewer    | Reached XP level 6. HP: 46/48 MP: 6/6
  3972 | Sewer    | Found a white marble altar of Elyvilon.
  4177 | D:4      | Noticed Purgy
  4201 | D:4      | Killed Purgy
  4201 | D:4      | Reached skill level 3 in Maces & Flails
  4525 | D:4      | Gained mutation: You are partially covered in rugged brown
                  | scales. (AC +1, +3% HP) [demonic ancestry]
  4525 | D:4      | Reached XP level 7. HP: 48/55 MP: 7/7
  4697 | D:4      | Reached skill level 4 in Maces & Flails
  4877 | D:4      | Noticed Eustachio
  4885 | D:4      | Noticed Natasha
  4896 | D:4      | Killed Natasha
  5091 | D:4      | Noticed Natasha
  5106 | D:4      | Killed Natasha
  5406 | D:4      | Noticed Natasha
  5410 | D:4      | Killed Natasha
  5631 | D:4      | Killed Eustachio
  5631 | D:4      | Reached skill level 5 in Fighting
  5631 | D:4      | Reached skill level 5 in Maces & Flails
  5631 | D:4      | Reached XP level 8. HP: 61/63 MP: 8/8
  5827 | D:5      | Entered Level 5 of the Dungeon
  5944 | D:5      | Found Leosch's Book Shoppe.
  6379 | D:5      | Reached skill level 5 in Armour
  6432 | D:5      | Reached skill level 6 in Maces & Flails
  6576 | D:5      | Found a staircase to the Ecumenical Temple.
  6987 | D:6      | Found a bloodstained altar of Trog.
  7539 | D:6      | Reached XP level 9. HP: 68/68 MP: 9/9
  7619 | D:6      | Reached skill level 7 in Maces & Flails
  7624 | D:6      | Noticed Grinder
  7646 | D:6      | Killed Grinder
  8062 | D:6      | Found a shimmering altar of Xom.
  8383 | D:7      | Reached skill level 8 in Maces & Flails
  8459 | D:7      | Found an ancient bone altar of Kikubaaqudgha.
  8460 | D:7      | Found an ornate altar of the Wu Jian Council.
  8641 | D:7      | Noticed Menkaure
  8645 | D:7      | Killed Menkaure
  9047 | D:8      | Noticed a two-headed ogre
  9067 | D:8      | Killed a two-headed ogre
  9067 | D:8      | Reached skill level 9 in Maces & Flails
  9067 | D:8      | Gained mutation: A weak demonic guardian rushes to your
                  | aid. [demonic ancestry]
  9067 | D:8      | Reached XP level 10. HP: 31/81 MP: 10/10
  9311 | D:8      | Found Legiraul's Gadget Emporium.
  9319 | D:8      | Bought a wand of acid (5) for 252 gold pieces
 10164 | D:9      | Noticed a gargoyle
 10371 | D:9      | Found a staircase to the Orcish Mines.
 10433 | D:9      | Killed a gargoyle
 10677 | D:9      | Reached skill level 10 in Maces & Flails
 10869 | D:9      | Found a shadowy altar of Dithmenos.
 10999 | D:10     | Entered Level 10 of the Dungeon
 11000 | D:10     | Found Usyucol's Jewellery Emporium.
 11083 | D:10     | Found a staircase to the Lair.
 11120 | D:10     | Noticed Fannar
 11166 | D:10     | Killed Fannar
 11350 | D:10     | Found Oguasown's Distillery.
 11356 | D:10     | Bought a potion of heal wounds for 75 gold pieces
 11356 | D:10     | Bought a potion of heal wounds for 75 gold pieces
 11356 | D:10     | Bought a potion of heal wounds for 75 gold pieces
 11356 | D:10     | Bought a potion of agility for 60 gold pieces
 11416 | D:10     | Reached XP level 11. HP: 76/89 MP: 11/11
 11579 | D:10     | Found Ojebuj's Antique Armour Emporium.
 11687 | D:10     | Found Zugobimu's Magic Scroll Boutique.
 11785 | D:11     | Noticed a seven-headed hydra
 11797 | D:11     | Killed a seven-headed hydra
 12166 | D:11     | Reached skill level 11 in Maces & Flails
 12522 | D:12     | Killed an unseen horror
 12533 | D:12     | Found Tingif's Antique Weapon Shoppe.
 12585 | D:12     | Found a frozen archway.
 12786 | IceCv    | Entered an ice cave
 13812 | IceCv    | Noticed a reaper
 13832 | IceCv    | HP: 2/91 [reaper/+2 scythe of freezing (30)]
 13832 | IceCv    | Slain by a reaper

Levels and vault maps discovered:
D:1:      minmay_arrival_split_and_join, layout_basic
D:2:      layout_basic, kennysheep_generic_room_9
D:3:      layout_basic, lemuel_coloured_pillars_altar
D:4:      layout_basic, portal_sewer_entry_e, uniq_purgy, uniq_eustachio,
          uniq_natasha
D:5:      layout_loops_ring, minmay_temple_entry_ruins, serial_shops,
          nicolae_shop_waterfront, first_ration
D:6:      layout_rooms, abandoned_shop, hangedman_abyss_or_decor_stabs,
          hangedman_feature_mirror, eino_curves_02, uniq_grinder
D:7:      layout_basic, gammafunk_temple_overflow_pools, uniq_menkaure
D:8:      layout_basic, serial_shops, shop_statue, serial_curves,
          eino_curves_02, eino_curves_03, eino_curves_01, eino_curves_04
D:9:      layout_rooms, nicolae_dithmenos_the_darkroom, david_orc_3,
          hangedman_fish_farm
D:10:     kennysheep_blocky_hall, layout_rooms, dpeg_oklobed_lair, serial_shops,
          shop, shop_statue, nicolae_shop_crystal, kennysheep_little_box,
          uniq_fannar
D:11:     layout_rooms
D:12:     layout_irregular_city, portal_ice_cave_entry_ice_beasts, serial_shops,
          shop, hangedman_decor_push
IceCv:    ice_cave_small_demon

Skill      XL: |  1  2  3  4  5  6  7  8  9 10 11 |
---------------+----------------------------------+-----
Armour         | 2 3 4 5 6 8 |  8.8
Axes           | 1 2 |  2.6
Fighting       | 3 4 5 6 7 8 9 |  9.6
Maces & Flails | 2 3 5 6 9 10 11 | 11.6
Shields        | 4 |  4.0
Bows           | |  1.7
Crossbows      | |  1.7
Evocations     | |  1.0

Action                   |  1- 3 |  4- 6 |  7- 9 | 10-12 || total
-------------------------+-------+-------+-------+-------++-------
Melee: Hand axe          |    76 |    19 |       |       ||    95
       Headbutt          |    12 |    24 |   111 |   199 ||   346
       Whip              |       |   176 |   550 |   939 ||  1665
 Fire: Hand crossbow     |    52 |    25 |   102 |    73 ||   252
Throw: Throwing net      |       |     1 |       |       ||     1
Evoke: Wand              |       |       |       |     4 ||     4
  Use: Scroll            |       |     4 |     7 |    14 ||    25
       Potion            |       |     2 |     3 |     2 ||     7
 Stab: Distracted        |       |       |       |     4 ||     4
  Eat: Chunk             |     2 |     9 |    15 |    12 ||    38
       Ration            |       |       |     2 |     1 ||     3
Armor: Scale mail        |    43 |    96 |   277 |    84 ||   500
       Plate armour      |       |       |       |   388 ||   388
Dodge: Dodged            |    47 |    78 |   196 |   219 ||   540
Block: Buckler           |       |    10 |    73 |   116 ||   199

Table legend:
 A = Non-vault XP
 B = Vault XP
 C = Vault XP percentage of total XP
 D = Non-vault monster count
 E = Vault monster count
 F = Vault count percentage of total count
                 A         B        C        D         E       F
            +---------+---------+-------+---------+---------+-------
      Total |   13476 |    5941 |  30.6 |     290 |      61 |  17.4
            +---------+---------+-------+---------+---------+-------
        D:1 |      48 |       0 |   0.0 |      29 |       0 |   0.0
        D:2 |     107 |       7 |   6.1 |      26 |       2 |   7.1
        D:3 |     114 |       0 |   0.0 |      18 |       0 |   0.0
        D:4 |     691 |     443 |  39.1 |      29 |      11 |  27.5
        D:5 |     690 |       0 |   0.0 |      30 |       0 |   0.0
        D:6 |     986 |     277 |  21.9 |      25 |       1 |   3.8
        D:7 |    1163 |     157 |  11.9 |      27 |       1 |   3.6
        D:8 |    1866 |       0 |   0.0 |      25 |       0 |   0.0
        D:9 |    2137 |     507 |  19.2 |      33 |       8 |  19.5
       D:10 |    1377 |     964 |  41.2 |      22 |       2 |   8.3
       D:11 |    1736 |       0 |   0.0 |       9 |       0 |   0.0
       D:12 |    2561 |     982 |  27.7 |      17 |       8 |  32.0
      Sewer |       0 |     126 | 100.0 |       0 |      11 | 100.0
      IceCv |       0 |    2478 | 100.0 |       0 |      17 | 100.0
            +---------+---------+-------+---------+---------+-------
